 Dungeon Crawl Stone Soup version 0.29.1-12-g30fa7ad0bf (webtiles) character file.

Game seed: 14013138442888296179

986 soggyman666 the Cleaver (level 7, 0/58 HPs)
             Began as a Minotaur Fighter on Dec 28, 2022.
             Slain by an orc priest
             ... wielding a +0 dagger of venom
              (2 damage)
             ... on level 5 of the Dungeon.
             The game lasted 00:09:33 (5827 turns).

soggyman666 the Cleaver (Minotaur Fighter)          Turns: 5827, Time: 00:09:34

Health: 0/58       AC: 11    Str: 23    XL:     7   Next: 97%
Magic:  6/6        EV:  7    Int:  5    God:
Gold:   319        SH:  5    Dex: 15    Spells: 6/6 levels left

rFire   . . .      SeeInvis .   a - +1 war axe
rCold   . . .      Faith    .   c - +0 buckler
rNeg    . . .      Spirit   .   r - +1 chain mail
rPois   .          Reflect  .   (helmet restricted)
rElec   .          Harm     .   t - +0 cloak
rCorr   .          Rampage  .   (no gloves)
Will    .....                   (no boots)
Stlth   ..........              (no amulet)
HPRegen 0.19/turn               x - +6 ring of dexterity
MPRegen 0.10/turn               (no ring)

@: lethally poisoned (0 -> -16)
A: horns 2, retaliatory headbutt
a: no special abilities


You were on level 5 of the Dungeon.
You visited 2 branches of the dungeon, and saw 6 of its levels.

You collected 319 gold pieces.

Inventory:

Hand Weapons
 a - a +1 war axe (weapon)
 v - a +1 hand axe of electrocution
Missiles
 q - 10 poisoned darts (quivered)
 u - 2 throwing nets
Armour
 c - a +0 buckler (worn)
 r - a +1 chain mail (worn)
 t - a +0 cloak (worn)
Jewellery
 x - a +6 ring of dexterity (left hand)
Wands
 s - a wand of polymorph (9)
Scrolls
 e - 3 scrolls of enchant weapon
 f - 2 scrolls of teleportation
 g - a scroll of poison {unknown}
 j - 2 scrolls of fog
 k - a scroll of silence
 m - a scroll of noise
 n - 2 scrolls of enchant armour
 o - a scroll of magic mapping
 y - a scroll of summoning {unknown}
Potions
 b - 2 potions of heal wounds {unknown}
 d - 3 potions of might
 h - 4 potions of resistance {unknown}
 i - a potion of curing {unknown}
 l - 2 potions of ambrosia {unknown}
 p - a potion of cancellation {unknown}
 w - a potion of degeneration {unknown}


   Skills:
 + Level 3.7 Fighting
 - Level 11.0 Axes
 + Level 3.7 Armour
 + Level 0.5 Dodging
 + Level 3.8 Shields


You had 6 spell levels left.
You didn't know any spells.
Your spell library contained the following spells:

 Spells                   Type           Power      Damage    Failure   Level
 Magic Dart               Conj           0%         1d3       99%         1
 Summon Small Mammal      Summ           0%         N/A       99%         1
 Call Imp                 Summ           0%         N/A       100%        2
 Mephitic Cloud           Conj/Pois/Air  0%         N/A       100%        3
 Ozocubu's Armour         Ice            0%         N/A       100%        3
 Summon Forest            Summ/Tloc      0%         N/A       100%        5
 Ozocubu's Refrigeration  Ice            0%         4d7       100%        7
 Summon Hydra             Summ           0%         N/A       100%        7


Dungeon Overview and Level Annotations

Branches:
Dungeon (5/15)             Temple (1/1) D:4

Altars:
Ashenzari
Cheibriados
Dithmenos
Elyvilon
Fedhas
Gozag
Hepliaklqana
Kikubaaqudgha
Makhleb
Nemelex Xobeh
Okawaru
Qazlal
Ru
Sif Muna
Uskayaw
Vehumet
Wu Jian
Xom
Zin
The Shining One


Innate Abilities, Weirdness & Mutations

You have a pair of horns on your head.
You reflexively headbutt those who attack you in melee.


Message History

You are too injured to fight recklessly!
You are too injured to fight recklessly!
There are monsters nearby!
There are monsters nearby!
Unknown command.
You are too injured to fight recklessly!
Unknown command.
You are too injured to fight recklessly!
Unknown command.
You are too injured to fight recklessly!
Unknown command.
You are too injured to fight recklessly!
You completely miss the orc priest.
The orc priest is lightly wounded.
You hit the orc wizard.
You hit the orc priest but do no damage.
You feel sick.
The orc wizard points at you and mumbles some strange words.
The magic dart hits you.
The orc priest hits you but does no damage.
You are more poisoned.
The orc priest sings a few bars from the Orcish anthem.
The orc priest hits you but does no damage.
You closely miss the orc priest. Your headbutt misses the orc priest.
The orc priest is lightly wounded.
You hit the orc priest. You hit the orc wizard.
You kill the orc wizard!
You feel very sick.
The orc priest hits you with a +0 hand axe.
The orc priest hits you but does no damage.
You are more poisoned.
You slash the orc priest! Your headbutt misses the orc priest.
The orc priest is severely wounded.
You hit the orc priest.
You feel very sick.
The orc priest mumbles some strange prayers to Beogh against you.
Beogh smites you!
* * * LOW HITPOINT WARNING * * *
The orc priest hits you with a +0 dagger of venom.
You die...

..###..# ....... . . #.$...
# ..### #.... #
.....##...### #
............## ##
......oo)....# .###.#
......)@# .....## ....$.#.##
# ..# .....##..## # #.. ...#
#....# # #.# #. ##....##
####.#####..##..##..###
.##..##..##.#...###...####
.#........#.....###......###
#..).............###........


You could see 2 orc priests.

Vanquished Creatures
  A water moccasin (D:5)
  2 ice beasts (D:5)
  A black bear (D:5)
  A necrophage (D:4)
  A scorpion (D:5)
  An orc priest (D:5)
  A hound (D:4)
  3 jellies (D:5)
  Terence (D:3)
  An iguana (D:5)
  3 orc wizards (D:5)
  A mummy (D:5)
  8 gnolls
  5 adders
  2 ufetubi (D:5)
  10 orcs
  3 endoplasms
  2 giant cockroaches (D:4)
  6 goblins
  3 hobgoblins (D:4)
  8 jackals
  4 quokkas
  7 ball pythons
  5 bats
  3 frilled lizards
  6 kobolds
  4 rats (D:2)
93 creatures vanquished.

Vanquished Creatures (others)
  3 plants (D:1)
3 creatures vanquished.

Grand Total: 96 creatures vanquished

Notes
Turn   | Place    | Note
-------+----------+-------------------------------------------
     0 | D:1      | soggyman666 the Minotaur Fighter began the quest for the
                  | Orb.
     0 | D:1      | Reached XP level 1. HP: 19/19 MP: 0/0
   273 | D:1      | Reached skill level 3 in Axes
   567 | D:1      | Found a faded altar of an unknown god.
   813 | D:1      | Reached XP level 2. HP: 10/26 MP: 1/1
  1625 | D:2      | Reached skill level 4 in Axes
  1642 | D:2      | Reached XP level 3. HP: 17/31 MP: 2/2
  1798 | D:2      | Found an opulent altar of Gozag.
  2924 | D:3      | Reached skill level 5 in Axes
  3021 | D:3      | Noticed Terence
  3028 | D:3      | Killed Terence
  3029 | D:3      | Reached XP level 4. HP: 39/39 MP: 3/3
  3242 | D:3      | Found a shimmering blue altar of Sif Muna.
  3322 | D:4      | Found a staircase to the Ecumenical Temple.
  3389 | D:4      | Reached skill level 6 in Axes
  3392 | D:4      | Reached XP level 5. HP: 41/45 MP: 4/4
  3773 | D:4      | Reached skill level 7 in Axes
  3834 | D:4      | Reached XP level 6. HP: 51/51 MP: 5/5
  3865 | Temple   | Entered the Ecumenical Temple
  4133 | D:4      | Got Laesemia's Handbook of Production
  4295 | D:4      | You fall into a shaft and drop 1 floor!
  4295 | D:5      | Entered Level 5 of the Dungeon
  4334 | D:5      | Reached skill level 8 in Axes
  4549 | D:5      | Noticed an ice beast
  4562 | D:5      | Killed an ice beast
  4563 | D:5      | Reached skill level 9 in Axes
  4578 | D:5      | Noticed a water moccasin
  4588 | D:5      | Killed a water moccasin
  4589 | D:5      | Reached XP level 7. HP: 21/57 MP: 6/6
  4853 | D:5      | Reached skill level 10 in Axes
  5573 | D:5      | Reached skill level 11 in Axes
  5701 | D:5      | Found a snail-covered altar of Cheibriados.
  5827 | D:5      | HP: 2/58 [orc priest/divine providence (16)]
  5827 | D:5      | Slain by an orc priest

Illustrated notes

Levels and vault maps discovered:
D:1:      minmay_arrival_up_and_down, layout_loops_corners,
          shapermc_ecumenical_altar_mp_highgroup, chequers_big_river,
          minmay_liquid_box, corexii_hall_statues_u, minmay_misc_feat_roman,
          supply_closet_lemuel, nicolae_grassy_gnolls
D:2:      layout_loops_ring, basic_altar
D:3:      layout_basic, lemuel_blue_sif_altar, hangedman_glass_teeth,
          uniq_terence
D:4:      layout_cave_pods, minmay_temple_entry_statues_pillars
D:5:      layout_layer_cave, slow_altar_1, st_stairs_5, minmay_manual_mess
Temple:   mainiacjoe_temple_bowtie_tessellation

Skill      XL: |  1  2  3  4  5  6  7 |
---------------+----------------------+-----
Axes           | 3 4 5 6 7 9 11 | 11.0
Fighting       | |  3.7
Armour         | |  3.7
Dodging        | |  0.5
Shields        | |  3.8

Action                   |  1- 3 |  4- 6 |  7- 9 || total
-------------------------+-------+-------+-------++-------
Melee: War axe           |    95 |    95 |    58 ||   248
       Headbutt          |     9 |    10 |     9 ||    28
  Use: Potion            |     1 |       |       ||     1
       Scroll            |     2 |     5 |       ||     7
Armor: Scale mail        |    33 |       |       ||    33
       Chain mail        |     7 |    59 |    38 ||   104
Dodge: Dodged            |    48 |    29 |     8 ||    85
Block: Buckler           |    21 |    12 |     4 ||    37
